 Dungeon Crawl Stone Soup version 0.22.1-1-ga44c0e5 (webtiles) character file.

37031 brandon the Arsonist (level 13, -3/80 HPs)
             Began as a Deep Elf Fire Elementalist on Oct 7, 2018.
             Was a High Priest of Vehumet.
             Slain by an entropy weaver (15 damage)
             ... on level 4 of the Lair of Beasts.
             The game lasted 01:10:50 (23652 turns).

brandon the Arsonist (Deep Elf Fire Elementalist)  Turns: 23652, Time: 01:10:50

Health: -3/80      AC:  2    Str: 18    XL:     13   Next: 56%
Magic:  22/32      EV: 12    Int: 26    God:    Vehumet [*****.]
Gold:   819        SH:  0    Dex: 15    Spells: 4/39 levels left

rFire    + . .     SeeInvis .   F - +1 short sword (venom)
rCold    . . .     Gourm    .   (no shield)
rNeg     . . .     Faith    +   J - +0 troll leather armour
rPois    .         Spirit   .   (no helmet)
rElec    .         Reflect  .   f - +0 cloak
rCorr    .         Harm     .   (no gloves)
MR       ++...                  n - +0 pair of boots
Stlth    ++........             T - amulet of Keoxzuas {Faith Str+9}
HPRegen  0.63/turn              L - ring of Yesterday {rF+ Str+4}
MPRegen  0.23/turn              C - ring of protection from magic

@: corroded
A: no striking features
a: Renounce Religion


You were on level 4 of the Lair of Beasts.
You worshipped Vehumet.
Vehumet was extremely pleased with you.
You were hungry.

You visited 3 branches of the dungeon, and saw 15 of its levels.

You collected 1169 gold pieces.
You spent 350 gold pieces at shops.

Inventory:

Hand Weapons
 F - a +1 short sword of venom (weapon)
Armour
 a - a +0 robe
 f - a +0 cloak (worn)
 n - a +0 pair of boots (worn)
 J - a +0 troll leather armour (worn)
Magical Staves
 I - an uncursed staff of death
Jewellery
 i - an uncursed ring of poison resistance
 w - a +3 ring of protection
 z - an uncursed ring of see invisible
 C - a ring of protection from magic (right hand)
 L - the ring of Yesterday (left hand) {rF+ Str+4}
   (You took it off a gnoll sergeant on level 9 of the Dungeon)

   [ring of protection from fire]

   It affects your strength (+4).
   It protects you from fire.
 T - the amulet of Keoxzuas (around neck) {Faith Str+9}
   (You found it on level 2 of the Lair of Beasts)

   [amulet of faith]

   It allows you to gain divine favour quickly.
   It affects your strength (+9).
Wands
 q - a wand of iceblast (12)
 v - a wand of paralysis (17)
 D - a wand of acid (16)
 H - a wand of disintegration (15)
 Q - a wand of random effects (36)
 S - a wand of clouds (10)
Scrolls
 b - a scroll of enchant weapon
 g - 2 scrolls of fog
 j - 2 scrolls of random uselessness {unknown}
 l - 4 scrolls of amnesia
 s - 2 scrolls of magic mapping
 x - 5 scrolls of noise
 y - 2 scrolls of immolation
 A - 7 scrolls of remove curse
 B - a scroll of enchant armour {unknown}
 G - a scroll of torment {unknown}
 K - a scroll of vulnerability {unknown}
 O - 3 scrolls of fear
Potions
 d - a potion of haste
 e - a potion of resistance
 h - a potion of berserk rage {unknown}
 m - a potion of flight {unknown}
 o - 2 potions of lignification
 p - 7 potions of curing
 t - 2 potions of magic {unknown}
 u - 5 potions of brilliance
 M - 2 potions of degeneration {unknown}
 P - 2 potions of might {unknown}
 R - a potion of agility {unknown}
Miscellaneous
 k - a lightning rod (4/4)
 E - a box of beasts
 N - a crystal ball of energy
Comestibles
 c - 22 rations


   Skills:
 + Level 9.2 Fighting
 - Level 2.4 Dodging
 - Level 2.4 Stealth
 + Level 13.9 Spellcasting
 - Level 10.2 Conjurations
 * Level 14.3 Fire Magic
 + Level 6.4 Ice Magic
 - Level 6.0 Evocations


You had 4 spell levels left.
You knew the following spells:

 Your Spells              Type           Power        Failure   Level  Hunger
a - Flame Tongue          Conj/Fire      #####        0%          1    None
b - Bolt of Fire          Conj/Fire      ######....   1%          6    ####...
c - Conjure Flame         Conj/Fire      ######..     1%          3    None
d - Sticky Flame          Conj/Fire      ######..     1%          4    None
e - Fireball              Conj/Fire      ######....   1%          5    ##.....
f - Ignition              Fire           #######...   17%         8    #######
g - Throw Flame           Conj/Fire      ######       1%          2    None
h - Freezing Cloud        Conj/Ice/Air   #####.....   16%         6    ####...

Your spell library contained the following spells:

 Spells                   Type           Power        Failure   Level  Hunger
 Yara's Violent Unravell  Hex/Tmut       ###.......   26%         5    ##.....
 Ignite Poison            Fire/Tmut/Pois #####...     1%          3    None
 Inner Flame              Hex/Fire       ######..     1%          3    None
 Animate Skeleton         Necr           N/A          3%          1    None
 Corona                   Hex            ###....      3%          1    None
 Pain                     Necr           ###.         3%          1    None
 Slow                     Hex            ###.....     5%          2    None
 Ice Form                 Ice/Tmut       ####....     10%         4    None
 Portal Projectile        Hex/Tloc       ###...       11%         3    None
 Regeneration             Chrm/Necr      ###.......   11%         3    None
 Vampiric Draining        Necr           ###.......   11%         3    None
 Animate Dead             Necr           N/A          36%         4    None
 Cause Fear               Hex            ###.......   36%         4    None
 Leda's Liquefaction      Hex/Erth       ###.......   36%         4    None
 Irradiate                Conj/Tmut      #####.....   3%          5    ##.....
 Bolt of Cold             Conj/Ice       ######....   5%          6    ####...
 Ozocubu's Refrigeration  Ice            ######....   11%         6    ####...
 Metabolic Englaciation   Hex/Ice        ####......   26%         5    ##.....
 Simulacrum               Ice/Necr       ####......   83%         6    ####...
 Ring of Flames           Chrm/Fire      ######....   86%         7    ######.
 Hydra Form               Tmut           ###.......   99%         6    ####...
 Statue Form              Tmut/Erth      ###......    99%         6    ####...
 Dragon Form              Tmut           ###.......   100%        7    ######.


Dungeon Overview and Level Annotations

Branches:
Dungeon (10/15)            Temple (1/1) D:4            Lair (4/6) D:10
 Spider (0/4) Lair:3          Orc (0/2) D:9
  Swamp: Lair:2-4    Shoals: Lair:2-4

Altars:
Ashenzari
Cheibriados
Dithmenos
Elyvilon
Fedhas
Gozag
Hepliaklqana
Kikubaaqudgha
Makhleb
Nemelex Xobeh
Okawaru
Qazlal
Ru
Sif Muna
Trog
Uskayaw
Vehumet
Wu Jian
Xom
Yredelemnul
Zin
The Shining One

Shops:
D:8 =}%=   D:10 (


Message History

The entropy weaver is moderately wounded.
The entropy weaver burns!
The entropy weaver hits you! The entropy weaver misses you.
The entropy weaver hits you! The entropy weaver hits you.
* * * LOW HITPOINT WARNING * * *
The entropy weaver hits you!
* * * LOW HITPOINT WARNING * * *
The entropy weaver hits you.
* * * LOW HITPOINT WARNING * * *
The entropy weaver hits you!
* * * LOW HITPOINT WARNING * * *
The entropy weaver misses you.
The entropy weaver burns!
The entropy weaver burns!
The entropy weaver burns!
The entropy weaver burns!
The entropy weaver burns!
The entropy weaver hits you!
* * * LOW HITPOINT WARNING * * *
The entropy weaver hits you!
You die...

..#...... ... #....##
.##....####..... ##.....##
.##.....#.#....## #.......##...
.#.....###......# ####.....##....
........##......###P##....##....(
........# #.....P.P........##....
.#.###.####................##$.$.
#..#.##..##....P....<.....#.##...
.##.# #.P......a@..........##P...
#..#.##.†P#......................
......#..........................
..#..#...........................
....#.#.#........................
#...##..###................#.#...
##.#..#.# #...............#.##...
....##.#. .................###...
......# ##...............####...


You could see an entropy weaver (burning).

Vanquished Creatures
  Gastronok (Lair:3)
  An entropy weaver (Lair:4)
  Fannar (Lair:2)
  4 hydras
  A tengu warrior (D:10)
  3 two-headed ogres
  A queen ant (Lair:4)
  5 death yaks (Lair:3)
  Nergalle (Lair:3)
  An unseen horror (D:10)
  A manticore (Lair:4)
  An ugly thing (D:10)
  4 elephants (Lair:4)
  A black mamba (Lair:1)
  6 spiny frogs
  A gargoyle (D:10)
  A torpor snail (Lair:2)
  A centaur skeleton (D:10)
  4 komodo dragons
  3 trolls (D:9)
  2 polar bears
  A merfolk (D:9)
  A hornet (D:10)
  Grinder (D:6)
  9 blink frogs
  5 hippogriffs
  Sigmund (D:4)
  7 wyverns
  A vampire (D:8)
  A hog (D:9)
  13 yaks
  3 basilisks
  Grum (D:8)
  A hungry ghost (D:6)
  6 water moccasins
  9 soldier ants (Lair:4)
  4 porcupines
  6 black bears (D:9)
  7 orc warriors
  2 ice beasts
  A phantom (D:5)
  2 sky beasts (D:8)
  7 wolves
  5 ogres
  3 centaurs (D:9)
  4 crocodiles
  3 big kobolds
  12 bullfrogs
  3 gnoll sergeants (D:9)
  A wyvern skeleton (D:9)
  3 scorpions
  9 electric eels
  8 wights
  2 jellies
  4 howler monkeys
  4 crimson imps
  2 centaur zombies
  A bullfrog zombie (D:6)
  2 quasits
  A water moccasin simulacrum (D:8)
  6 hounds
  A gnoll shaman (D:9)
  7 orc priests
  5 orc wizards
  4 bullfrog skeletons
  Terence (D:3)
  Ijyb (D:3)
  5 iguanas
  24 worker ants
  4 hell rats (Lair:3)
  3 hound zombies
  3 worker ant zombies
  A howler monkey zombie (D:7)
  3 gnolls (D:8)
  17 adders
  5 river rats (Lair:3)
  4 shadow imps
  An ooze (D:2)
  3 adder skeletons
  3 worms
  3 dart slugs
  12 leopard geckos
  43 orcs
  6 bats
  6 giant cockroaches
  9 goblins
  7 hobgoblins
  19 jackals
  15 kobolds
  5 quokkas
  10 frilled lizards
  6 rats
  A fungus (Lair:4)
443 creatures vanquished.

Vanquished Creatures (others)
  A fire vortex (D:7)
  7 fungi
  8 plants
16 creatures vanquished.

Grand Total: 459 creatures vanquished

Notes
Turn   | Place    | Note
-------+----------+-------------------------------------------
     0 | D:1      | brandon the Deep Elf Fire Elementalist began the quest for
                  | the Orb.
     0 | D:1      | Reached XP level 1. HP: 10/10 MP: 6/6
   338 | D:1      | Reached XP level 2. HP: 15/15 MP: 2/8
   342 | D:1      | Learned a level 2 spell: Throw Flame
  1063 | D:2      | Reached XP level 3. HP: 20/20 MP: 4/9
  1088 | D:2      | Learned a level 3 spell: Conjure Flame
  1406 | D:2      | Reached skill level 1 in Fighting
  1658 | D:2      | Reached XP level 4. HP: 20/25 MP: 5/11
  1670 | D:2      | Learned a level 4 spell: Sticky Flame
  2155 | D:3      | Found a sparkling altar of Nemelex Xobeh.
  2252 | D:3      | Found a bloodstained altar of Trog.
  2389 | D:3      | Found an ornate altar of the Wu Jian Council.
  2422 | D:3      | Found a glowing golden altar of the Shining One.
  2586 | D:3      | Reached skill level 4 in Fire Magic
  2641 | D:3      | Noticed Ijyb
  2653 | D:3      | Killed Ijyb
  2653 | D:3      | Reached XP level 5. HP: 26/29 MP: 1/13
  2754 | D:3      | Noticed Terence
  2762 | D:3      | Killed Terence
  3271 | D:3      | You fall through a shaft for 3 floors!
  3550 | D:5      | Entered Level 5 of the Dungeon
  3569 | D:5      | Reached XP level 6. HP: 35/35 MP: 10/14
  3863 | D:5      | Reached skill level 5 in Spellcasting
  3937 | D:5      | Reached skill level 5 in Conjurations
  4033 | D:5      | Reached XP level 7. HP: 37/40 MP: 8/16
  4138 | D:5      | Reached skill level 5 in Fire Magic
  4764 | D:4      | Found a shimmering altar of Xom.
  4764 | D:4      | Found an iron altar of Okawaru.
  5036 | D:4      | Found a white marble altar of Elyvilon.
  5036 | D:4      | Noticed Sigmund
  5044 | D:4      | Learned a level 5 spell: Fireball
  5052 | D:4      | Killed Sigmund
  5199 | D:4      | Found a staircase to the Ecumenical Temple.
  5240 | Temple   | Entered the Ecumenical Temple
  5270 | Temple   | Became a worshipper of Vehumet
  5746 | D:4      | Found a sacrificial altar of Ru.
  5915 | D:3      | Found a burning altar of Makhleb.
  6585 | D:5      | Reached XP level 8. HP: 46/46 MP: 19/19
  8280 | D:7      | Reached skill level 6 in Fire Magic
  8340 | D:7      | Reached * piety under Vehumet
  8340 | D:7      | Offered knowledge of Magic Dart by Vehumet.
  9419 | D:8      | Found Nietareg's Jewellery Boutique.
  9536 | D:8      | Bought a cursed -3 ring of strength for 26 gold pieces
  9536 | D:8      | Bought a cursed -3 ring of intelligence for 26 gold pieces
  9536 | D:8      | Bought a cursed ring of teleportation for 58 gold pieces
  9563 | D:8      | Noticed Grum
  9571 | D:8      | Reached XP level 9. HP: 33/52 MP: 4/22
  9573 | D:8      | Killed Grum
  9694 | D:8      | Found Uzotis's Gadget Shoppe.
  9704 | D:8      | Bought a box of beasts for 240 gold pieces
  9725 | D:8      | Found Tuyl Lachu's Food Emporium.
  9772 | D:8      | Found Pieprujo's Jewellery Shoppe.
 10136 | D:8      | Found a sacrificial altar of Ru.
 10192 | D:8      | Reached skill level 1 in Evocations
 10203 | D:8      | Reached ** piety under Vehumet
 10203 | D:8      | Offered knowledge of Throw Frost by Vehumet.
 10278 | D:8      | Reached skill level 7 in Fire Magic
 11027 | D:9      | Offered knowledge of Static Discharge by Vehumet.
 11032 | D:8      | Reached skill level 5 in Fighting
 11790 | D:6      | Found an ancient bone altar of Kikubaaqudgha.
 11938 | D:6      | Reached *** piety under Vehumet
 11952 | D:6      | Noticed Grinder
 11958 | D:6      | Killed Grinder
 11960 | D:6      | Reached XP level 10. HP: 59/59 MP: 9/24
 12150 | D:6      | Found a shadowy altar of Dithmenos.
 13065 | D:8      | Offered knowledge of Mephitic Cloud by Vehumet.
 13065 | D:8      | Reached skill level 8 in Fire Magic
 13227 | D:9      | Noticed a two-headed ogre
 13232 | D:9      | Killed a two-headed ogre
 13375 | D:9      | Found a staircase to the Orcish Mines.
 13694 | D:9      | Reached skill level 5 in Evocations
 13891 | D:9      | Reached skill level 10 in Spellcasting
 14076 | D:9      | Reached skill level 10 in Conjurations
 14085 | D:9      | Reached **** piety under Vehumet
 14105 | D:9      | Noticed a red ugly thing
 14307 | D:9      | Found an opulent altar of Gozag.
 14414 | D:9      | Offered knowledge of Bolt of Magma by Vehumet.
 14415 | D:9      | Reached skill level 9 in Fire Magic
 14617 | D:9      | Reached XP level 11. HP: 64/64 MP: 18/27
 14936 | D:9      | Got a crude silver ring
 14955 | D:9      | Identified the ring of Yesterday {rF+ Str+4} (You took it
                  | off a gnoll sergeant on level 9 of the Dungeon)
 15233 | D:9      | Learned a level 6 spell: Bolt of Fire
 15242 | D:9      | Learned a level 8 spell: Ignition
 15310 | D:9      | Noticed a two-headed ogre
 15494 | D:9      | Killed a two-headed ogre
 16230 | D:10     | Entered Level 10 of the Dungeon
 16297 | D:10     | Noticed a two-headed ogre
 16311 | D:10     | Noticed a tengu warrior
 16311 | D:10     | Killed a two-headed ogre
 16311 | D:10     | Reached skill level 10 in Fire Magic
 16316 | D:10     | Noticed a cyan ugly thing
 16387 | D:10     | Found a staircase to the Lair.
 16403 | D:9      | Reached ***** piety under Vehumet
 16595 | D:10     | Offered knowledge of Lee's Rapid Deconstruction by Vehumet.
 16837 | D:10     | Killed a cyan ugly thing
 16853 | D:10     | Noticed an unseen horror
 16858 | D:10     | Killed an unseen horror
 16868 | D:10     | Got a polished scimitar
 17490 | D:10     | Killed a tengu warrior
 17490 | D:10     | Reached skill level 11 in Fire Magic
 17653 | D:10     | Found Fompopn's Weapon Shoppe.
 17860 | Lair:1   | Entered Level 1 of the Lair of Beasts
 17892 | Lair:1   | Noticed a six-headed hydra
 17900 | Lair:1   | Killed a six-headed hydra
 18271 | Lair:1   | Noticed a six-headed hydra
 18274 | Lair:1   | Killed a six-headed hydra
 18274 | Lair:1   | Reached XP level 12. HP: 73/73 MP: 14/30
 18352 | Lair:1   | Learned a level 6 spell: Freezing Cloud
 18739 | Lair:2   | Reached skill level 1 in Ice Magic
 18765 | Lair:2   | Got a serpentine garnet amulet
 18766 | Lair:2   | Identified the amulet of Keoxzuas {Faith Str+9} (You found
                  | it on level 2 of the Lair of Beasts)
 18931 | Lair:2   | Reached skill level 12 in Fire Magic
 19077 | Lair:2   | Noticed Fannar
 19080 | Lair:2   | Killed Fannar
 19807 | Lair:3   | Noticed a five-headed hydra
 19811 | Lair:3   | Killed a five-headed hydra
 20281 | Lair:3   | Noticed Nergalle
 20283 | Lair:3   | Killed Nergalle
 20425 | Lair:3   | Noticed Gastronok
 20601 | Lair:3   | Found a hole to the Spider Nest.
 20726 | Lair:3   | Noticed a death yak
 20726 | Lair:3   | Noticed a death yak
 20728 | Lair:3   | Noticed a death yak
 20728 | Lair:3   | Noticed a death yak
 20731 | Lair:3   | Killed a death yak
 20734 | Lair:3   | Noticed a death yak
 20916 | Lair:4   | Reached skill level 13 in Fire Magic
 21085 | Lair:4   | Noticed an entropy weaver
 21085 | Lair:4   | Noticed an entropy weaver
 21419 | Lair:4   | Noticed a five-headed hydra
 21641 | Lair:3   | Reached XP level 13. HP: 38/79 MP: 15/32
 21937 | Lair:3   | Killed Gastronok
 21937 | Lair:3   | Reached skill level 5 in Ice Magic
 21964 | Lair:3   | HP: 1/80 [death yak (26)]
 22418 | Lair:4   | Killed an entropy weaver
 22757 | Lair:4   | Reached skill level 14 in Fire Magic
 23281 | Lair:4   | Offered knowledge of Yara's Violent Unravelling by Vehumet.
 23652 | Lair:4   | Slain by an entropy weaver

Skill      XL: |  1  2  3  4  5  6  7  8  9 10 11 12 13 |
---------------+----------------------------------------+-----
Conjurations   | 2 3 4 5 6 8 9 10 | 10.2
Fighting       | 1 2 3 4 5 6 7 8 9 |  9.2
Fire Magic     | 4 5 6 7 9 11 13 14 | 14.3
Spellcasting   | 4 5 6 7 8 10 12 13 | 13.9
Evocations     | 3 5 6 |  6.0
Ice Magic      | 4 6 |  6.4
Dodging        | |  2.4
Stealth        | |  2.4

Action                   |  1- 3 |  4- 6 |  7- 9 | 10-12 | 13-15 || total
-------------------------+-------+-------+-------+-------+-------++-------
Melee: Unarmed           |     7 |       |       |       |       ||     7
       Dagger            |       |     7 |   133 |       |       ||   140
       Hand axe          |       |       |   319 |       |       ||   319
       Short sword       |       |       |    27 |    95 |    23 ||   145
 Cast: Flame Tongue      |    62 |    69 |   187 |   277 |    49 ||   644
       Throw Flame       |    21 |    18 |    21 |    14 |       ||    74
       Conjure Flame     |     1 |       |     5 |     7 |     1 ||    14
       Sticky Flame      |       |     7 |    33 |    42 |    16 ||    98
       Fireball          |       |       |    26 |    98 |     6 ||   130
       Bolt of Fire      |       |       |       |    65 |    37 ||   102
       Freezing Cloud    |       |       |       |     1 |     4 ||     5
       Ignition          |       |       |       |       |     1 ||     1
Evoke: Wand              |       |       |     2 |       |       ||     2
  Use: Scroll            |       |     3 |     7 |    14 |       ||    24
       Potion            |       |       |       |     2 |     2 ||     4
 Stab: Sleeping          |       |       |       |     1 |       ||     1
  Eat: Chunk             |     3 |     8 |    19 |    44 |    11 ||    85
       Ration            |       |       |     5 |     5 |     1 ||    11
Armor: Robe              |    10 |     9 |   143 |    21 |       ||   183
       Troll leather arm |       |       |       |    41 |     6 ||    47
Dodge: Dodged            |    19 |    27 |   382 |   114 |    23 ||   565
